 Dungeon Crawl Stone Soup version 0.29.0 (webtiles) character file.

Game seed: 12307558452096618311

142 PublicAnimeNo1 the Sneak (level 5, -2/29 (31) HPs)
             Began as a Kobold Brigand on Sept 9, 2022.
             Was an Initiate of Dithmenos.
             Slain by Crazy Yiuf
             ... wielding a +4 quarterstaff of chaos
              (7 damage)
             ... on level 2 of the Dungeon.
             The game lasted 00:02:40 (2183 turns).

PublicAnimeNo1 the Sneak (Kobold Brigand)           Turns: 2183, Time: 00:02:41

HP:   -2/29 (31)    AC:  3    Str:  9    XL:     5   Next: 49%
MP:   5/5           EV: 15    Int: 14    God:    Dithmenos [......]
Gold: 117           SH:  0    Dex: 16    Spells: 4/4 levels left

rFire   . . .      SeeInvis .   a - +2 dagger
rCold   . . .      Faith    .   (no shield)
rNeg    . . .      Spirit   .   b - +0 robe
rPois   .          Reflect  .   (no helmet)
rElec   .          Harm     .   c - +0 cloak
rCorr   .          Rampage  .   (no gloves)
Will    .....                   (no boots)
Stlth   ++++......              (no amulet)
HPRegen 0.09/turn               (no ring)
MPRegen 0.09/turn               (no ring)

@: drained
A: small, no large weapons, nightstalker 3
a: Renounce Religion


You were on level 2 of the Dungeon.
You worshipped Dithmenos.
Dithmenos was noncommittal.
You visited 1 branch of the dungeon, and saw 2 of its levels.

You collected 117 gold pieces.

Inventory:

Hand Weapons
 a - a +2 dagger (weapon)
Missiles
 d - 8 poisoned darts (quivered)
 e - 2 curare-tipped darts
Armour
 b - a +0 robe (worn)
 c - a +0 cloak (worn)
 k - a +0 helmet
Jewellery
 i - a ring of flight
Wands
 j - a wand of light (1)
Scrolls
 g - a scroll of butterflies {unknown}
 l - a scroll of enchant weapon {unknown}
 m - a scroll of brand weapon {unknown}
Potions
 f - 2 potions of mutation {unknown}
 h - a potion of curing {unknown}


   Skills:
 + Level 2.3 Fighting
 * Level 5.2 Short Blades
 - Level 2.1 Throwing
 + Level 3.0 Dodging
 + Level 6.3 Stealth


You had 4 spell levels left.
You didn't know any spells.
Your spell library contained the following spells:

 Spells                   Type           Power      Damage    Failure   Level
 Magic Dart               Conj           0%         1d3       28%         1
 Searing Ray              Conj           0%         2d4       41%         2
 Fulminant Prism          Conj/Hex       0%         3d6       96%         4


Dungeon Overview and Level Annotations

Branches:
Dungeon (2/15)

Altars:
Dithmenos

Annotations:
D:2 Crazy Yiuf


Innate Abilities, Weirdness & Mutations

You are small and have problems with some larger weapons.
You are completely attuned to the shadows.


Message History

Press: ? - help, v - describe, . - travel
Here: Crazy Yiuf, wielding a +4 quarterstaff of chaos, wearing a +0 cloak and carrying a wand of flame (27) (asleep, fire blocked by a runed translucent door)
The floor.
You open the door.
There is an open translucent door here.
Crazy Yiuf shouts!
Crazy Yiuf barely misses you.
Throw: 3 darts (curare)
Press: ? - help, Shift-Dir - straight line, f - Crazy Yiuf
Aim: Crazy Yiuf, wielding a +4 quarterstaff of chaos, wearing a +0 cloak and carrying a wand of flame (27) (65% to hit)
You throw a curare-tipped dart. The curare-tipped dart hits Crazy Yiuf.
Crazy Yiuf is poisoned.
Crazy Yiuf convulses.
Crazy Yiuf seems to slow down.
Crazy Yiuf is heavily wounded.
Crazy Yiuf hits you with a +4 quarterstaff of chaos!
You feel drained.
Aiming: Bolt of Light
Press: ? - help, Shift-Dir - straight line, f/p - Crazy Yiuf
Aim: Crazy Yiuf, wielding a +4 quarterstaff of chaos, wearing a +0 cloak and carrying a wand of flame (27) (severely wounded, very poisoned, slow, 75% to hit)
The bolt of light misses Crazy Yiuf.
Crazy Yiuf zaps a wand.
The puff of flame hits you.
You completely miss Crazy Yiuf.
Crazy Yiuf is severely wounded.
You hit Crazy Yiuf.
Crazy Yiuf is almost dead.
Crazy Yiuf hits you with a +4 quarterstaff of chaos!
* * * LOW HITPOINT WARNING * * *
Crazy Yiuf draws strength from your wounds!
Throw: 10 darts (poison)
Press: ? - help, Q - select action, (/) - cycle Shift-Dir - straight line, f/p - Crazy Yiuf
Aim: Crazy Yiuf, wielding a +4 quarterstaff of chaos, wearing a +0 cloak and carrying a wand of flame (26) (severely wounded, very poisoned, slow, 65% to hit)
You throw a poisoned dart.
The poisoned dart closely misses Crazy Yiuf.
Throw: 9 darts (poison)
Press: ? - help, Q - select action, (/) - cycle Shift-Dir - straight line, f/p - Crazy Yiuf
Aim: Crazy Yiuf, wielding a +4 quarterstaff of chaos, wearing a +0 cloak and carrying a wand of flame (26) (severely wounded, very poisoned, slow, 65% to hit)
You throw a poisoned dart.
The poisoned dart barely misses Crazy Yiuf.
Crazy Yiuf hits you with a +4 quarterstaff of chaos!
You die...

.######.#### ## #.#
# #.# # ### ######
.....#######
##.##..P.#.########
#........#..##...#
##......####.'.@g#
##....## ###..)#
###### #####


You could see Crazy Yiuf (poisoned, slow).

Vanquished Creatures
  Natasha (thrice) (D:2)
  2 adders (D:2)
  2 worms (D:2)
  4 dart slugs
  2 endoplasms
  2 giant cockroaches (D:2)
  2 hobgoblins (D:1)
  3 quokkas (D:1)
  4 ball pythons
  4 frilled lizards
  A goblin (D:2)
  5 kobolds
  8 rats
42 creatures vanquished.

Vanquished Creatures (others)
  3 fungi (D:2)
3 creatures vanquished.

Grand Total: 45 creatures vanquished

Notes
Turn   | Place    | Note
-------+----------+-------------------------------------------
     0 | D:1      | PublicAnimeNo1 the Kobold Brigand began the quest for the
                  | Orb.
     0 | D:1      | Reached XP level 1. HP: 12/12 MP: 1/1
    77 | D:1      | Reached XP level 2. HP: 17/17 MP: 2/2
   871 | D:2      | Reached XP level 3. HP: 21/21 MP: 3/3
   907 | D:2      | Found a shadowy altar of Dithmenos.
   960 | D:2      | Became a worshipper of Dithmenos the Shadowed
  1118 | D:2      | Noticed Natasha
  1126 | D:2      | Killed Natasha
  1127 | D:2      | Reached skill level 6 in Stealth
  1127 | D:2      | Reached XP level 4. HP: 12/26 MP: 4/4
  1679 | D:2      | Noticed Natasha
  1689 | D:2      | Killed Natasha
  1690 | D:2      | Reached skill level 5 in Short Blades
  1690 | D:2      | Reached XP level 5. HP: 27/30 MP: 5/5
  1729 | D:2      | Noticed Natasha
  1743 | D:2      | Killed Natasha
  2170 | D:2      | Found a runed translucent door.
  2173 | D:2      | Noticed Crazy Yiuf
  2183 | D:2      | Slain by Crazy Yiuf

Illustrated notes

Levels and vault maps discovered:
D:1:      roderic_crop_circles_arrival_small, layout_basic
D:2:      layout_loops_ring, basic_altar, minmay_misc_feat_iff,
          minmay_pentomino_o4, uniq_crazy_yiuf_cottage, uniq_natasha

Skill      XL: |  1  2  3  4  5 |
---------------+----------------+-----
Short Blades   | 3 4 5 |  5.2
Dodging        | 2 3 |  3.0
Stealth        | 6 |  6.3
Fighting       | |  2.3
Throwing       | |  2.1

Action                   |  1- 3 |  4- 6 || total
-------------------------+-------+-------++-------
Melee: Dagger            |    40 |    44 ||    84
Throw: Dart              |    18 |    11 ||    29
Evoke: Wand              |       |     2 ||     2
  Use: Scroll            |       |     1 ||     1
 Stab: Sleeping          |    10 |     7 ||    17
       Invisible         |       |     1 ||     1
Armor: Robe              |     5 |     6 ||    11
Dodge: Dodged            |    20 |    18 ||    38
